 Dungeon Crawl Stone Soup version 0.30-a0-2-gf48d83f5e2 (webtiles) character file.

Game seed: 10351621418655594912

378 melkoren the Trooper (level 6, -3/57 HPs)
             Began as a Minotaur Berserker on Aug 20, 2022.
             Was a Believer of Trog.
             Killed by divine providence
             ... invoked by an orc priest
              (14 damage)
             ... on level 4 of the Dungeon.
             The game lasted 00:10:57 (4046 turns).

melkoren the Trooper (Minotaur Berserker)           Turns: 4046, Time: 00:10:58

Health: -3/57      AC: 11    Str: 24    XL:     6   Next: 45%
Magic:  4/4        EV: 10    Int:  4    God:    Trog [**....]
Gold:   148        SH:  0    Dex:  9    Spells: 5/5 levels left

rFire   . . .      SeeInvis .    a - +0 hand axe
rCold   . . .      Faith    .    (no shield)
rNeg    + . .      Spirit   .    k - +2 scale mail {Will+}
rPois   .          Reflect  .    (helmet restricted)
rElec   .          Harm     .    (no cloak)
rCorr   .          Rampage  .    l - +0 pair of gloves
Will    +....                    e - +0 pair of boots
Stlth   ..........               (no amulet)
HPRegen 0.19/turn                N - ring of positive energy
MPRegen 0.09/turn                (no ring)

@: no status effects
A: horns 2, retaliatory headbutt, low MP 1
a: Renounce Religion, Berserk, Trog's Hand


You were on level 4 of the Dungeon.
You worshipped Trog.
Trog was pleased with you.
You visited 1 branch of the dungeon, and saw 4 of its levels.

You collected 148 gold pieces.


Innate Abilities, Weirdness & Mutations

You have a pair of horns on your head.
You reflexively headbutt those who attack you in melee.
Your magical capacity is low. (-10% MP)


   Skills:
 + Level 5.9 Fighting
 + Level 5.8 Axes
 + Level 5.1 Armour
 - Level 2.1 Dodging


You had 5 spell levels left.
You didn't know any spells.
Your spell library contained the following spells:

 Spells                   Type           Power      Damage    Failure   Level
 Necrotise                Necr           0%         1d4       78%         1
 Ignite Poison            Fire/Tmut/Pois 0%         N/A       98%         3
 Mephitic Cloud           Conj/Pois/Air  0%         N/A       98%         3
 Ozocubu's Armour         Ice            0%         N/A       98%         3
 Vampiric Draining        Necr           0%         2d6       98%         3
 Agony                    Necr           0%         N/A       100%        5
 Freezing Cloud           Conj/Ice/Air   0%         6-21      100%        5
 Metabolic Englaciation   Hex/Ice        0%         N/A       100%        5
 Simulacrum               Ice/Necr       0%         N/A       100%        6

Inventory:

Hand Weapons
 a - a +0 hand axe (weapon)
Missiles
 g - 18 stones (quivered)
 s - 4 boomerangs
Armour
 b - a +0 robe
   (You found it on level 4 of the Dungeon)
 e - a +0 pair of boots (worn)
   (You found it on level 1 of the Dungeon)
 f - a +0 chain mail
   (You took it off an orc on level 4 of the Dungeon)
 h - a +0 scale mail
   (You found it on level 4 of the Dungeon)
 k - a +2 scale mail of willpower (worn)
   (You took it off an orc on level 3 of the Dungeon)
 l - a +0 pair of gloves (worn)
   (You found it on level 1 of the Dungeon)
 t - a +0 chain mail
   (You took it off an orc on level 4 of the Dungeon)
 u - a +0 leather armour
   (You took it off an orc on level 4 of the Dungeon)
Jewellery
 N - a ring of positive energy (left hand)
   (You found it on level 3 of the Dungeon)
 W - a ring of magical power
   (You found it on level 3 of the Dungeon)
Wands
 o - a wand of flame (16)
   (You took it off Natasha on level 3 of the Dungeon)
 r - a wand of iceblast (6)
   (You took it off Ijyb on level 4 of the Dungeon)
Scrolls
 c - 2 scrolls of blinking {!r}
 i - a scroll of immolation {!r!r}
 j - 2 scrolls of identify {@r1}
 n - a scroll of magic mapping {unknown}
 p - 2 scrolls of teleportation {@r4}
 q - a scroll of enchant weapon {unknown}
Potions
 d - a potion of mutation {!q}
 m - 3 potions of curing {@q1}

Dungeon Overview and Level Annotations

Branches:
Dungeon (4/15) Zot: 19952
 Temple: D:4-7

Altars:
Okawaru

Shops:
D:1

[ #... .####### ......
##........# #.....
#...~...~..##.###.
#..........$#...#.
+......... ⌠#...#.
#......... #...#.
#...~...~. #...#.
##@o....... ##.#'#.
#.)o#########....##
#...).............'
#...).#...........#
#####.....#######.##'##
#.............#####....
#.............#...#....
#.............#...'....
#.............#####....


You could see 2 orc priests.


Message History

The orc hits you with a +0 flail. 😕 HP[-10]
You take 10 damage, and now have 47/57 hp.
You hit the orc. x2
You kill the orc!
Trog accepts your kill. The orc hits you but does no damage.
You barely miss the orc.
The orc hits you with a +0 flail. 😕 HP[-3]
You take 3 damage, and now have 44/57 hp.
You hit the orc but do no damage. The orc hits you but does no damage.
You barely miss the orc. You headbutt the orc, but do no damage.
The orc barely misses you. You furiously retaliate!
You headbutt the orc.
You kill the orc!
Trog accepts your kill.
t - a +0 chain mail;
u - a +0 leather armour
Items here: )) ††. 😕 HP[+1]
An orc priest comes into view. It is wielding a +0 hand axe. 😕 HP[+7]
You regained 7 hp, and now have 52/57 hp.
An orc priest is nearby! 2 orc priests come into view.
The orc priest shouts!
The orc priest calls down the wrath of Beogh upon you.
Beogh smites you! 😮 HP[-14]
You take 14 damage, and now have 38/57 hp.
MASSIVE DAMAGE!! (PAUSE)
Items here: )) ††.
You are too injured to fight recklessly!
You are too injured to fight recklessly!
You are too injured to fight recklessly!
You are too injured to fight recklessly!
You hit the orc priest but do no damage.
The orc priest hits you but does no damage.
You hit the orc priest but do no damage.
The orc priest hits you but does no damage.
You hit the orc priest but do no damage.
You headbutt the orc priest, but do no damage.
The orc priest mumbles some strange prayers to Beogh against you.
You resist with some effort.
You hit the orc priest but do no damage.
You headbutt the orc priest.
The orc priest mumbles some strange prayers to Beogh against you.
Beogh smites you!
* * * LOW HITPOINT WARNING * * *
The orc priest looks satisfied for a moment. 😨 HP[-14]
You take 14 damage, and now have 24/57 hp.
MASSIVE DAMAGE!! (PAUSE)
You hit the orc priest but do no damage.
The orc priest closely misses you.
You hit the orc priest. You headbutt the orc priest.
The orc priest mumbles some strange prayers to Beogh against you.
You resist with some effort.
The orc priest invokes the aid of Beogh against you.
You are unaffected.
The orc priest hits you but does no damage.
Unknown command.
The orc priest attacks as you move away!
The orc priest barely misses you. You furiously retaliate!
You headbutt the orc priest. The orc priest hits you with a +0 club.
* * * LOW HITPOINT WARNING * * *
😨 HP[-4]
You take 4 damage, and now have 20/57 hp.
You closely miss the orc priest. Your headbutt misses the orc priest.
You barely miss the orc priest. You closely miss the orc priest.
The orc priest closely misses you.
The orc priest invokes the aid of Beogh against you.
Pain shoots through your body!
* * * LOW HITPOINT WARNING * * *
The orc priest hits you but does no damage. 😱 HP[-6]
You take 6 damage, and now have 14/57 hp.
You slash the orc priest!
You kill the orc priest!
Trog accepts your kill.
You closely miss the orc priest. You hit the orc priest.
The orc priest hits you but does no damage. x2
You hit the orc priest but do no damage.
You barely miss the orc priest. The orc priest hits you with a +0 club.
* * * LOW HITPOINT WARNING * * *
The orc priest hits you with a +0 dagger.
* * * LOW HITPOINT WARNING * * *
😱 HP[-4]
You take 4 damage, and now have 10/57 hp.
You hit the orc priest but do no damage.
You headbutt the orc priest, but do no damage.
You hit the orc priest but do no damage.
The orc priest hits you but does no damage. x2
You hit the orc priest. You headbutt the orc priest. You hit the orc priest.
The orc priest completely misses you.
The orc priest hits you but does no damage.
Unknown command.
You hit the orc priest but do no damage. x2
The orc priest barely misses you.
The orc priest invokes the aid of Beogh against you.
Beogh smites you!
You die...

Skill      XL: |  1  2  3  4  5  6 |
---------------+-------------------+-----
Fighting       | 4 5 |  5.9
Axes           | 4 5 |  5.8
Armour         | 3 4 5 |  5.1
Dodging        | |  2.1

Action                   |  1- 3 |  4- 6 || total
-------------------------+-------+-------++-------
Melee: Hand axe          |    78 |   103 ||   181
       Headbutt          |     8 |    22 ||    30
       Punch             |     1 |       ||     1
Invok: Berserk           |     1 |       ||     1
  Use: Potion            |     5 |     4 ||     9
       Scroll            |     4 |     1 ||     5
Armor: Animal skin       |    14 |       ||    14
       Leather armour    |    12 |     1 ||    13
       Ring mail         |       |    18 ||    18
       Scale mail        |       |    22 ||    22
Dodge: Dodged            |    49 |    44 ||    93

Levels and vault maps discovered:
D:1:      elethiomel_arrival_infinity_welcomes_careful_drivers,
          layout_loops_ring, serial_shops,
          nicolae_shop_temple_entry_statues_fountains,
          hellmonk_ecumenical_altar_blasted, hangedman_feature_mirror
D:2:      layout_loops_cross
D:3:      mumra_celtic_spiral_tile, layout_loops_ring,
          nicolae_overflow_ecumenical_swirl, uniq_natasha
D:4:      cheibrodos_pilgrimage, layout_gridville, uniq_ijyb

Notes
Turn   | Place    | Note
-------+----------+-------------------------------------------
     0 | D:1      | melkoren the Minotaur Berserker began the quest for the
                  | Orb.
     0 | D:1      | Reached XP level 1. HP: 19/19 MP: 0/0
     0 | D:1      | magus.rc [v1.11.3]
     3 | D:1      | You add the spells Ignite Poison, Mephitic Cloud and
                  | Freezing Cloud to your library.
   154 | D:1      | Reached skill level 4 in Fighting
   154 | D:1      | Reached skill level 4 in Axes
   154 | D:1      | Reached XP level 2. HP: 11/27 MP: 1/1
   359 | D:1      | Found Aderin's Armour Shop.
   381 | D:1      | Reached skill level 3 in Armour
   726 | D:1      | Found a faded altar of an unknown god.
   753 | D:1      | Reached XP level 3. HP: 23/33 MP: 2/2
  1106 | D:1      | Reached ** piety under Trog
  1411 | D:1      | Gained mutation: Your magical capacity is low. (-10% MP)
                  | [potion of mutation]
  1793 | D:2      | You fall into a shaft and drop 2 floors!
  1836 | D:4      | Noticed Ijyb
  1854 | D:4      | Noticed a black bear
  1863 | D:4      | Killed a black bear
  1864 | D:4      | Reached skill level 5 in Fighting
  1864 | D:4      | Reached skill level 5 in Axes
  1864 | D:4      | Reached skill level 4 in Armour
  1864 | D:4      | Reached XP level 4. HP: 42/42 MP: 2/2
  1864 | D:4      | Reached XP level 5. HP: 48/48 MP: 3/3
  2117 | D:3      | You pick up a book of Necromancy {forbidden} and begin
                  | reading...
  2117 | D:3      | You add the spells Necrotise, Vampiric Draining and Agony
                  | to your library.
  2896 | D:3      | You pick up a book of Winter {forbidden} and begin
                  | reading...
  2896 | D:3      | You add the spells Ozocubu's Armour, Metabolic Englaciation
                  | and Simulacrum to your library.
  2962 | D:3      | Found a faded altar of an unknown god.
  3118 | D:3      | Noticed Natasha
  3120 | D:3      | Found an iron altar of Okawaru.
  3128 | D:3      | Killed Natasha
  3233 | D:3      | Noticed Natasha
  3241 | D:3      | Killed Natasha
  3584 | D:3      | Noticed Natasha
  3594 | D:3      | Killed Natasha
  3677 | D:4      | Killed Ijyb
  3678 | D:4      | Reached XP level 6. HP: 50/56 MP: 4/4
  3820 | D:4      | Reached skill level 5 in Armour
  4041 | D:4      | HP: 14/57 [orc priest/nerve-wracking pain (7)]
  4046 | D:4      | Killed from afar by an orc priest

Vanquished Creatures
  A black bear (D:4)
  A scorpion (D:4)
  An orc priest (D:4)
  Natasha (thrice) (D:3)
  Ijyb (D:4)
  A gnoll (D:1)
  3 adders
  3 dart slugs
  7 orcs
  3 bats (D:1)
  3 endoplasms
  2 giant cockroaches
  3 goblins
  8 hobgoblins
  4 jackals (D:1)
  2 quokkas
  5 ball pythons
  4 frilled lizards
  2 kobolds
  3 rats (D:1)
60 creatures vanquished.

Table legend:
 A = Non-vault XP
 B = Vault XP
 C = Vault XP percentage of total XP
 D = Non-vault monster count
 E = Vault monster count
 F = Vault count percentage of total count
                 A         B        C        D         E       F
            +---------+---------+-------+---------+---------+-------
      Total |     416 |     124 |  23.0 |      52 |       8 |  13.3
            +---------+---------+-------+---------+---------+-------
        D:1 |      50 |       3 |   5.7 |      22 |       2 |   8.3
        D:2 |      25 |       0 |   0.0 |       7 |       0 |   0.0
        D:3 |     114 |      36 |  24.0 |      17 |       1 |   5.6
        D:4 |     227 |      85 |  27.2 |       6 |       5 |  45.5
            +---------+---------+-------+---------+---------+-------

Illustrated notes

Table legend:
 A = Kills in this place as a percentage of kills in entire the game.
 B = Kills by you in this place as a percentage of kills by you in the entire game.
 C = Kills by friends in this place as a percentage of kills by friends in the entire game.
 D = Other kills in this place as a percentage of other kills in the entire game.
 E = Experience gained in this place as a percentage of experience gained in the entire game.
 F = Experience gained in this place divided by the number of levels of this place that you have seen.
                   A       B       C       D       E      F
               +-------+-------+-------+-------+-------+----------------------
         Total | 100.0 | 100.0 |   N/A |   N/A | 100.0 | 135.0
       Dungeon | 100.0 | 100.0 |   N/A |   N/A | 100.0 | 135.0
               +-------+-------+-------+-------+-------+----------------------

Table legend: (Time is in decaauts)
 A = Elapsed time spent in this place.
 B = Non-inter-level travel time spent in this place.
 C = Inter-level travel time spent in this place.
 D = Time resting spent in this place.
 E = Time spent auto-exploring this place.
 F = Levels seen in this place.
 G = Mean time per level.
                   A        B        C        D        E       F      G
               +--------+--------+--------+--------+--------+-----+--------+
         Total |   4046 |   3784 |    262 |    248 |   2982 |   4 | 1011.5 |
       Dungeon |   4046 |   3784 |    262 |    248 |   2982 |   4 | 1011.5 |
               +--------+--------+--------+--------+--------+-----+--------+

Top non-repeatable levels by time:
     D:3: 1686 daAuts
     D:1: 1456 daAuts
     D:4: 574 daAuts
     D:2: 328 daAuts
